 Dungeon Crawl Stone Soup version 0.17.0 (webtiles) character file.

2389 Eucla the Chopper (level 9, 0/79 HPs)
             Began as a Minotaur Gladiator on Nov 11, 2015.
             Was a Priest of Kikubaaqudgha.
             Succumbed to poison (a potion of poison)
             ... on level 7 of the Dungeon.
             The game lasted 00:08:09 (4966 turns).

Eucla the Chopper (Minotaur Gladiator)              Turns: 4966, Time: 00:08:10

Health: 0/79       AC: 17    Str: 19    XL:     9   Next: 22%
Magic:  17/17      EV: 16    Int: 10    God:    Kikubaaqudgha [***...]
Gold:   327        SH:  0    Dex: 18    Spells: 0 memorised, 8 levels left

rFire  . . .     SeeInvis .     a - +0 war axe
rCold  . . .     Clarity  .     K - +3 chain mail
rNeg   . . .     SustAt   .     (no shield)
rPois  .         Gourm    .     c - +0 hat
rElec  .         Spirit   .     y - +2 cloak
rCorr  .         Warding  .     M - +0 pair of gloves
rMut   .         Stasis   .     (no boots)
MR     +....                    (no amulet)
Stlth  ..........               I - ring of magical power
                                v - ring of protection from magic

@: brilliant, agile, lethally poisoned (0 -> -4), somewhat resistant to hostile
enchantments, extremely unstealthy
A: retaliatory headbutt, horns 2, spit poison 2, weak 1
a: Spit Poison, Receive Corpses, Renounce Religion


You were on level 7 of the Dungeon.
You worshipped Kikubaaqudgha.
Kikubaaqudgha was most pleased with you.
You were not hungry.

You visited 1 branch of the dungeon, and saw 7 of its levels.

You collected 327 gold pieces.

Inventory:

Hand Weapons
 a - a +0 war axe (weapon)
Missiles
 d - 4 throwing nets (quivered)
Armour
 c - a +0 hat (worn)
 y - a +2 cloak (worn)
 K - a +3 chain mail (worn)
 M - a +0 pair of gloves (worn)
Jewellery
 v - a ring of protection from magic (left hand)
 I - a ring of magical power (right hand)
Wands
 w - a wand of teleportation (2)
 G - a wand of fireball (3)
 N - a wand of fireball (5)
 P - a wand of draining (5)
 Q - a wand of flame (23)
Scrolls
 f - 5 scrolls of teleportation {unknown}
 g - 9 scrolls of identify {unknown}
 h - a scroll of random uselessness
 l - 2 scrolls of fog {unknown}
 o - 3 scrolls of amnesia {unknown}
 s - a scroll of blinking {unknown}
 t - a scroll of magic mapping {unknown}
 z - a scroll of fear {unknown}
 A - 3 scrolls of remove curse {unknown}
 E - a scroll of immolation {unknown}
 F - a scroll of acquirement {unknown}
 H - 2 scrolls of enchant armour {unknown}
 L - 2 scrolls of noise {unknown}
Potions
 j - 2 potions of agility
 m - 2 potions of heal wounds
 p - 2 potions of brilliance
 r - 3 potions of poison
 D - 2 potions of flight {unknown}
 J - a potion of ambrosia {unknown}
 O - a potion of resistance {unknown}
Books
 q - Kikubaaqudgha's Disquisition on Black Rituals
   (Kikubaaqudgha gifted it to you on level 5 of the Dungeon)

   Spells                             Type                      Level
   a - Animate Dead                   Necromancy                   4
   b - Excruciating Wounds            Charms/Necromancy            5
   c - Agony                          Necromancy                   5
   d - Dispel Undead                  Necromancy                   5
   e - Simulacrum                     Ice/Necromancy               6
 u - Kikubaaqudgha's Collected Works on Dark Magic
   (Kikubaaqudgha gifted it to you on level 2 of the Dungeon)

   Spells                             Type                      Level
   a - Animate Skeleton               Necromancy                   1
   b - Corpse Rot                     Necromancy                   2
   c - Sublimation of Blood           Necromancy                   2
   d - Regeneration                   Charms/Necromancy            3
   e - Control Undead                 Necromancy                   4
Comestibles
 b - a beef jerky
 e - 5 bread rations
 i - 2 fruits
 k - 3 slices of pizza
 n - a meat ration


   Skills:
 + Level 7.4 Fighting
 + Level 7.8 Axes
 - Level 2.0 Throwing
 + Level 6.3 Armour
 + Level 6.7 Dodging
 + Level 3.7 Necromancy


You had 8 spell levels left.
You didn't know any spells.

Dungeon Overview and Level Annotations

Branches:
Dungeon (7/15)             Temple (0/1) D:4

Altars:
Kikubaaqudgha
Xom

Annotations:
D:7 gg19's ghost, novice TrWr


Innate Abilities, Weirdness & Mutations

You reflexively headbutt those who attack you in melee.
You have a pair of horns on your head.
You can spit poison.
You are weak. (Str -2)


Message History

That liquid tasted very nasty...
You are poisoned.
You feel sick. Gg19's ghost misses you.
You feel sick. Gg19's ghost hits you.
You feel sick.
Found 22 stones.
You feel sick.
Found a stone staircase leading down.
Drink which item? (? for menu, Esc to quit)
It was a potion of mutation.
You feel extremely strange.
You feel weaker.
There is a nasty taste in your mouth for a moment. x2
You feel sick.
The orc wizard gestures wildly while chanting.
The orc wizard seems to speed up.
Gg19's ghost hits you!!
* * * LOW HITPOINT WARNING * * *
* * * LOW HITPOINT WARNING * * *
You feel sick.
Unknown command.
You die...
Kikubaaqudgha rasps: "You have failed me!
Welcome... death!"

########## #....(....
#.......#
######.......##
#.oo.W.@.......
#o####......>##
#######.# #.......#
......oo# #.......#
######..## ####.####
#.....# .#
#.....######.#
#######....†...o...##
.......(............#


You could see an orc wizard, gg19's ghost and 2 orcs.

Vanquished Creatures
  Sigmund (D:6)
  Eustachio (D:7)
  3 deep elf fighters (D:7)
  Duvessa (D:4)
  An ice beast (D:7)
  2 phantoms
  4 ogres
  A gnoll sergeant (D:7)
  Dowan (D:4)
  6 killer bees
  3 crimson imps
  An orc wizard (D:4)
  Crazy Yiuf (D:2)
  3 orc priests
  A hound (D:7)
  A giant frog skeleton (D:4)
  2 worker ants
  2 iguanas
  A hound zombie (D:6)
  3 gnolls (D:5)
  8 adders
  2 shadow imps
  3 worms
  3 giant geckos
  21 orcs
  A ball python (D:3)
  2 giant cockroaches
  12 goblins
  9 hobgoblins
  2 quokkas
  6 bats
  A giant gecko skeleton (D:5)
  A giant newt (D:1)
  6 jackals
  A jackal skeleton (D:5)
  6 kobolds
  13 rats
136 creatures vanquished.

Notes
Turn   | Place    | Note
--------------------------------------------------------------
     0 | D:1      | Eucla the Minotaur Gladiator began the quest for the Orb.
     0 | D:1      | Reached XP level 1. HP: 18/18 MP: 0/0
    70 | D:1      | Reached XP level 2. HP: 23/25 MP: 1/1
   134 | D:1      | Reached skill level 1 in Armour
   531 | D:2      | Reached XP level 3. HP: 31/31 MP: 2/2
   581 | D:2      | Found a faded altar to an unknown god.
   621 | D:2      | Reached skill level 4 in Axes
   629 | D:2      | Became a worshipper of Kikubaaqudgha
   629 | D:2      | Reached * piety under Kikubaaqudgha
   629 | D:2      | Received a gift from Kikubaaqudgha
   631 | D:2      | Identified Kikubaaqudgha's Collected Works on Dark Magic (Kikubaaqudgha gifted it to you on level 2 of the Dungeon)
   839 | D:2      | Noticed Crazy Yiuf
   846 | D:2      | Killed Crazy Yiuf
   846 | D:2      | Reached XP level 4. HP: 2/40 MP: 3/3
  1378 | D:3      | Reached ** piety under Kikubaaqudgha
  1531 | D:3      | Reached XP level 5. HP: 46/46 MP: 4/4
  1635 | D:4      | Noticed an ogre
  1640 | D:4      | Killed an ogre
  1660 | D:4      | Reached skill level 5 in Axes
  1676 | D:4      | Reached XP level 6. HP: 24/53 MP: 5/5
  1871 | D:4      | Found a staircase to the Ecumenical Temple.
  1891 | D:4      | Noticed a phantom
  1892 | D:4      | Noticed an ogre
  1899 | D:4      | Killed an ogre
  1899 | D:4      | Reached skill level 1 in Necromancy
  1912 | D:4      | Killed a phantom
  1997 | D:4      | Reached skill level 5 in Fighting
  1998 | D:4      | Reached XP level 7. HP: 44/61 MP: 6/6
  2005 | D:4      | Noticed Duvessa
  2007 | D:4      | Noticed Dowan
  2007 | D:4      | HP: 3/61 [ogre/giant spiked club (22)]
  2025 | D:5      | Entered Level 5 of the Dungeon
  2289 | D:5      | Reached skill level 6 in Axes
  2289 | D:5      | Reached skill level 5 in Dodging
  2399 | D:4      | Killed Duvessa
  2533 | D:4      | Killed Dowan
  2783 | D:5      | Reached XP level 8. HP: 11/70 MP: 7/7
  3222 | D:5      | Reached *** piety under Kikubaaqudgha
  3222 | D:5      | Received a gift from Kikubaaqudgha
  3228 | D:5      | Identified Kikubaaqudgha's Disquisition on Black Rituals (Kikubaaqudgha gifted it to you on level 5 of the Dungeon)
  3262 | D:5      | Found a shimmering altar of Xom.
  3799 | D:6      | Noticed Sigmund
  3806 | D:6      | Killed Sigmund
  3806 | D:6      | Reached skill level 5 in Armour
  4239 | D:7      | Reached skill level 7 in Axes
  4605 | D:7      | Noticed Eustachio
  4633 | D:7      | Reached XP level 9. HP: 35/79 MP: 8/8
  4635 | D:7      | Killed Eustachio
  4943 | D:7      | Noticed gg19's ghost (novice TrWr)
  4964 | D:7      | Gained mutation: You are weak. (Str -2) [potion of mutation]
  4964 | D:7      | Gained mutation: You can spit weak poison. [potion of mutation]
  4964 | D:7      | Gained mutation: You can spit poison. [potion of mutation]
  4964 | D:7      | HP: 2/79 [gg19's ghost (24)]
  4966 | D:7      | Succumbed to poison (a potion of poison)

Action                   |  1- 3 |  4- 6 |  7- 9 || total
-------------------------+-------+-------+-------++-------
Melee: War axe           |    82 |    97 |   210 ||   389
Throw: Throwing net      |       |       |     4 ||     4
  Use: Potion            |       |       |    13 ||    13
       Scroll            |       |       |     1 ||     1
 Stab: Held in net/web   |       |       |     1 ||     1
  Eat: Chunk             |       |     4 |     1 ||     5
       Fruit             |       |       |     3 ||     3
       Royal jelly       |       |       |     1 ||     1
       Beef jerky        |       |       |     1 ||     1
       Meat ration       |       |       |     1 ||     1
